 Dungeon Crawl Stone Soup version 0.20.1-1-g8b1a95d (webtiles) character file.

18 darkhara the Grave Robber (level 2, -1/19 HPs)
             Began as a Vampire Necromancer on Sept 6, 2017.
             Slain by a quokka (2 damage)
             ... on level 2 of the Dungeon.
             The game lasted 00:09:18 (1997 turns).

darkhara the Grave Robber (Vampire Necromancer)     Turns: 1997, Time: 00:09:19

Health: -1/19      AC:  5    Str:  7    XL:     2   Next: 51%
Magic:  5/5        EV: 12    Int: 17    God:
Gold:   16         SH:  0    Dex: 14    Spells: 3/5 levels left

rFire    . . .     SeeInvis +   i - -1 dagger (curse)
rCold    + + .     Gourm    .   (no shield)
rNeg     + + +     Faith    .   a - +0 robe
rPois    ∞         Spirit   .   (no helmet)
rElec    .         Reflect  .   (no cloak)
rCorr    .         Harm     .   (no gloves)
MR       .....                  e - +2 pair of boots
Stlth    ++++......             (no amulet)
Regen    0.0/turn               (no ring)
MPRegen  0.1/turn               (no ring)

@: bloodless, non-regenerating
A: fangs 3, see invisible, unbreathing
a: no special abilities


You were on level 2 of the Dungeon.
You were bloodless.

You visited 1 branch of the dungeon, and saw 2 of its levels.

You collected 16 gold pieces.

Inventory:

Hand Weapons
 i - a cursed -1 dagger (weapon)
 n - a +0 short sword
 o - a +0 short sword
Missiles
 d - 36 stones (quivered)
 p - 19 arrows
Armour
 a - a +0 robe (worn)
 e - a +2 pair of boots (worn)
 j - a +0 plate armour
 m - a +0 leather armour
 r - a +0 robe
Scrolls
 f - 2 scrolls of teleportation {unknown}
 h - 3 scrolls of remove curse {unknown}
 k - a scroll of immolation {unknown}
 q - a scroll of enchant armour {unknown}
Potions
 c - a potion of blood
 g - a potion of degeneration {unknown}
Books
 b - a book of Necromancy

   Spells                             Type                      Level
   a - Pain                           Necromancy                   1
   b - Animate Skeleton               Necromancy                   1
   c - Vampiric Draining              Necromancy                   3
   d - Regeneration                   Charms/Necromancy            3
   e - Animate Dead                   Necromancy                   4
   f - Control Undead                 Necromancy                   4
Comestibles
 l - a royal jelly


   Skills:
 + Level 0.2 Short Blades
 + Level 2.1 Dodging
 + Level 3.1 Stealth
 + Level 2.3 Spellcasting
 + Level 4.9 Necromancy


You had 3 spell levels left.
You knew the following spells:

 Your Spells              Type           Power        Failure   Level  Hunger
a - Pain                  Necr           ###.         2%          1    #......
b - Animate Skeleton      Necr           N/A          2%          1    #......


Dungeon Overview and Level Annotations

Branches:
Dungeon (2/15)

Altars:
Uskayaw


Innate Abilities, Weirdness & Mutations

You do not heal naturally.
You are immune to poison.
You have razor-sharp teeth.
You have supernaturally acute eyesight. (SInv)
You can survive without breathing.


Message History

The bat hits you but does no damage. The bat completely misses you.
Found a fizzy purple potion.
The bat hits you.
* * * LOW HITPOINT WARNING * * *
The quokka bites you.
* * * LOW HITPOINT WARNING * * *
There is an escape hatch in the floor here.
Casting: Pain
Confirm with . or Enter, or press ? or * to list all spells.
Okay, then.
Casting: Pain
Confirm with . or Enter, or press ? or * to list all spells.
You don't know that spell.
Unknown command.
You can't go up here!
You can't go up here!
You can't go up here!
The bat hits you but does no damage. The quokka bites you.
You die...

.#.#.......#......## #...#
#....#..............###.###
#..........#.........##.####
#......#....................###
#.$...##.................##....
#..... ##.##...g....##...######
#..<..###.##..gg....###........
...........#.gr............###
g...###.#...@b....##..##.....
.# #..#............####.#..
#................ <.#..
...)..##.#........ .....
.##................ ...... ..
....###.......... ...##. .
.###.# #.......... .. #.#
#...!......


You could see 4 gnolls, a quokka and a bat.

Vanquished Creatures
  An adder (D:2)
  2 bats (D:1)
  A giant cockroach (D:1)
  2 goblins (D:1)
  2 kobolds
  A frilled lizard (D:1)
  A rat (D:1)
10 creatures vanquished.

Notes
Turn   | Place    | Note
-------+----------+-------------------------------------------
     0 | D:1      | darkhara the Vampire Necromancer began the quest for the Orb.
     0 | D:1      | Reached XP level 1. HP: 13/13 MP: 3/3
   546 | D:1      | Learned a level 1 spell: Animate Skeleton
  1192 | D:1      | Reached XP level 2. HP: 6/19 MP: 1/5
  1760 | D:2      | Found a hide-covered altar of Uskayaw.
  1772 | D:2      | Noticed a hand axe
  1774 | D:2      | Noticed a dagger
  1997 | D:2      | Slain by a quokka

Action                   || total
-------------------------++-------
Melee: Dagger            ||    11
 Cast: Pain              ||    18
Armor: Robe              ||    15
Dodge: Dodged            ||    37
